Noodle, chaotic male elven Priest ------- |....<-## |.....|### --------------------------------- |......# # |...............................| -|--.-- ### |.----....-----.----|--%.-----..| ## # # |.|..|---.|...|.-..|..|..|((.|..| # # ### |.|..|..|.|._.-.|..|..|..|(((|..| ### # |.-|-|..|.|...|.--------.|...|..| # ### ##|....|..|.|...|....-...|.--|--..| --------- ### # # |.{..-|--.----|....|...|........| |.......| -.-|-------- #####...........-..||--.-----..-----.| |.......| |.....>^...| # |....-|--..|..|..|..@h....-...|.| |.......| |..........-### |.-+-|..|.----|..||---....|.!.|.-############........| |..........|### |.| |..|.|[).|--|. |---.-----.| --------- |...........# # |.| |---.-.[?|..|. |..-.......| |..........| |.| |....|)/[|..|.. |..|.......| |..........| |.----....-----|---------.....{.| ------------ |.......................%.......| --------------------------------- Noodle the Adept Experience level: 6 Strength: 14 Dexterity: 10 Constitution: 13 Intelligence: 9 Wisdom: 20 Charisma: 12 Health: 0(38) Energy: 86(86) Def: 11 Gold: 60 Moves: 2935 Dungeon seed: 9N8NTFpA1nUtdcaz Game ID: Noodle_1614440753 Your Inventory: Coins $ - 60 gold pieces Weapons a - a blessed rusty +2 mace (weapon in hand) l - 15 +0 darts (in quiver) r - 11 +0 shuriken W - a blessed +0 aklys (alternate weapon; not wielded) Armor e - a +1 robe (being worn) n - a +0 small shield (being worn) z - a +0 dwarvish iron helm (being worn) J - a +0 leather armor (being worn) N - a +1 pair of iron shoes (being worn) Comestibles c - a clove of garlic d - 2 sprigs of wolfsbane Q - 2 food rations Scrolls E - a scroll of scare monster Spellbooks f - a spellbook of create monster g - a spellbook of extra healing Potions b - 4 potions of holy water k - a potion of healing u - a potion of see invisible v - a potion of gain ability w - a potion of unholy water x - a potion of monster detection B - a potion of confusion Tools i - a tin whistle D - a tallow candle (0:200) I - 3 blessed tallow candles (0:200) K - a lock pick P - a magic lamp Gems q - 2 worthless pieces of red glass y - 2 worthless pieces of yellow glass V - a flint stone Y - a worthless piece of blue glass Spells and supernatural/magical abilities: Name Level Category Fail Memory x - extra healing 3 healing 57% 86% O - create monster 2 clerical 0% 86% W - pray for help -- divine ? -- X - turn undead -- divine ? -- Your skills at the end: Fighting Skills Weapon Skills mace [Basic] Spellcasting Skills clerical spells [Basic] Final Attributes: You were piously aligned. You were sleep resistant. You had infravision. You were lucky. You are dead. Vanquished creatures: a small mimic a rock mole 4 gnome lords 3 gnomish wizards a black naga hatchling a baby crocodile 3 dwarves 2 centipedes a dwarf zombie 2 iguanas 6 killer bees 2 hobbits a large kobold 2 yellow molds 19 gnomes a gnome zombie a gecko 2 jackals a fox 3 kobolds 2 goblins 2 lichens a kobold zombie a newt 63 creatures vanquished. Voluntary challenges: You were an atheist. You used a wielded weapon 89 times, starting on turn 34. You read items or engraved 3 times, starting on turn 439. You never genocided any monsters. You never polymorphed an object. You never changed form. You used no wishes. You never split a pudding. You never wrote Elbereth's name. You never violated your personal moral code. Dungeon overview: The Dungeons of Doom: levels 1 to 3 Level 1 a long staircase Level 2 a fountain Level 3 a potion shop, a fountain stairs to The Gnomish Mines The Gnomish Mines: levels 4 to 6 Level 4 stairs to The Dungeons of Doom Level 5 Level 6 <- You were here some shops, a temple to Venus, some fountains History has recorded: On T:1 you entered the Dungeons of Doom to retrieve the Amulet of Yendor! On T:280 you reached level 2 of The Dungeons of Doom. On T:576 you advanced to experience level 2. On T:711 you reached level 3 of The Dungeons of Doom. On T:908 you advanced to experience level 3. On T:1210 you reached level 1 of The Gnomish Mines. On T:1447 you advanced to experience level 4. On T:1621 you reached level 2 of The Gnomish Mines. On T:1680 you advanced to experience level 5. On T:2070 you reached level 3 of The Gnomish Mines. On T:2280 you advanced to experience level 6. Score breakdown: Gold: 60 ( 6073 points) Experience: 6 levels (12456 points) Exploration: 6 levels ( 12.24%) ( 9682 points) Discoveries: 13 items ( 4.55%) ( 6396 points) Valuables value: (no points given unless you survive) Artifact value: 0 ( 0 points) Variety of kills: 24 monsters ( 6.30%) ( 7529 points) Turncount: 2935 turns ( -567 points) Survival: died (score multiplied by 80%) Total score: 33255 Latest messages: The killer bee stings! The killer bee misses. You miss the killer bee. The killer bee stings! You miss the killer bee. The killer bee misses. (3x) You miss the killer bee. The killer bee stings! (2x) You kill the killer bee! You hear the chime of a cash register. You hit the dwarf lord. The dwarf lord wields a broad short sword! The dwarf lord thrusts his broad short sword. The dwarf lord misses. You hit the dwarf lord. You hit the dwarf lord! The dwarf lord thrusts his broad short sword. The dwarf lord just misses! The dwarf lord thrusts his broad short sword. The dwarf lord misses. You miss the dwarf lord. The dwarf lord thrusts his broad short sword. The dwarf lord hits! The dwarf lord thrusts his broad short sword. The dwarf lord hits! You die... Final status: Goodbye Noodle the Priest, killed by a dwarf lord... You died in The Gnomish Mines on dungeon level 6 with 33255 points, and 60 pieces of gold, after 2935 moves. You were level 6 with a maximum of 38 hit points when you died.